 Dungeon Crawl Stone Soup version 0.31-a0-200-gbc41564c69 (webtiles) character file.

Game seed: 1777684871727572236

43 qw the Shooter (level 3, -1/20 HPs)
             Began as a Deep Elf Hunter on June 25, 2023.
             Slain by Sigmund
             ... wielding a +0 scythe
              (6 damage)
             ... on level 2 of the Dungeon.
             The game lasted 00:00:24 (1107 turns).

qw the Shooter (Deep Elf Hunter)                    Turns: 1107, Time: 00:00:24

Health: -1/20      AC:  6    Str: 10    XL:     3   Next: 37%
Magic:  5/5        EV:  9    Int: 13    God:
Gold:   94         SH:  0    Dex: 18    Spells: 2/2 levels left

rFire   . . .        Y - +0 shortbow
rCold   . . .        (shield currently unavailable)
rNeg    . . .        g - +0 scale mail
rPois   .            (no helmet)
rElec   .            (no cloak)
rCorr   .            (no gloves)
SInv    .            (no boots)
Will    .....        (no amulet)
Stlth   +            (no ring)
HPRegen 0.23/turn    (no ring)
MPRegen 0.09/turn

%: no passive effects
@: attractive
A: no striking features
a: no special abilities


You were on level 2 of the Dungeon.
You visited 1 branch of the dungeon, and saw 2 of its levels.

You collected 94 gold pieces.


   Skills:
 - Level 1.5 Fighting
 + Level 6.9 Ranged Weapons
 - Level 2.4 Dodging
 - Level 1.2 Stealth


You had 2 spell levels left.
You didn't know any spells.
Your spell library was empty.

Inventory:

Hand Weapons
 Y - a +0 shortbow (weapon)
Armour
 g - a +0 scale mail (worn)
Potions
 a - a potion of attraction
 b - a potion of magic {unknown}
 d - a potion of lignification {unknown}

Dungeon Overview and Level Annotations

Branches:
Dungeon (2/15)

Altars:

Annotations:
D:2 Sigmund


Message History

The adder is severely wounded.
The adder closely misses you.
You shoot an arrow. The arrow hits the adder!
You kill the adder!
As you open the door, it creaks loudly!
You hear a shout!
There is an open door here.
You open the door.
Sigmund the Dreaded comes into view.
He is wielding a +0 scythe.
There is an open door here.
Enter note:
Enter note:
Enter note:
Enter note: You shoot an arrow.
The arrow hits Sigmund!
Sigmund is moderately wounded.
You shoot an arrow. The arrow barely misses Sigmund.
You shoot an arrow.
The arrow hits Sigmund but does no damage.
Sigmund is moderately wounded.
You shoot an arrow.
The arrow hits Sigmund but does no damage.
Sigmund is moderately wounded.
You shoot an arrow. The arrow closely misses Sigmund.
Sigmund hits you from afar with a +0 scythe!
You shoot an arrow. The arrow hits Sigmund!
Sigmund is heavily wounded.
Sigmund hits you from afar with a +0 scythe!
Enter note:
Enter note:
Enter note:
Enter note:
1106 ||| DRINKING 2 orange potions.
It was a potion of attraction.
You feel attractive to monsters. Sigmund closely misses you.
Sigmund is attracted toward you.
Enter note:
Enter note:
Enter note:
Enter note: Sigmund hits you with a +0 scythe.
You die...

.#.# #######..%..... .#.#
#........
...############........
##.....................
.....##################
###..##<# ..# ........#
#.# ######### ######'##
.... #....@@.# ####
#.....ยค.# # #.......# ##
#.......# .## ######'##
..###############.#######
.>.......................
##.#############...######
#.# #.........


You could see Sigmund.

Vanquished Creatures
  An adder (D:2)
  A worm (D:2)
  A dart slug (D:1)
  5 ball pythons
  2 endoplasms (D:1)
  A giant cockroach (D:1)
  2 goblins (D:1)
  2 hobgoblins
  A quokka (D:1)
  4 bats
  3 frilled lizards (D:1)
  3 kobolds
  6 rats
32 creatures vanquished.

Notes
Turn   | Place    | Note
-------+----------+-------------------------------------------
     0 | D:1      | qw the Deep Elf Hunter began the quest for the Orb.
     0 | D:1      | Reached XP level 1. HP: 12/12 MP: 3/3
     0 | D:1      | 0 ||| qw: Version: 0.3-a-22-g0ed2b0b
     0 | D:1      | 0 ||| qw: Game counter: 5573
     0 | D:1      | 0 ||| qw: Melee chars always use a shield: true
     0 | D:1      | 0 ||| qw: God list: Okawaru
     0 | D:1      | 0 ||| qw: Allow faded altars: false
     0 | D:1      | 0 ||| qw: Do Orc after clearing Dungeon:15 true
     0 | D:1      | 0 ||| qw: Do second Lair branch before Depths: true
     0 | D:1      | 0 ||| qw: Lair rune preference: random
     0 | D:1      | 0 ||| qw: Goals: Normal
     0 | D:1      | 0 ||| PLANNING D:1-11
   123 | D:1      | Reached XP level 2. HP: 16/16 MP: 4/4
   133 | D:1      | Reached skill level 6 in Ranged Weapons
   455 | D:1      | Found a faded altar of an unknown god.
   837 | D:1      | 837 ||| UPGRADING to +0 scale mail.
   847 | D:1      | 847 ||| DROPPING +0 leather armour.
   848 | D:1      | 848 ||| READING scroll labelled KOAN GUOPTUZAR.
   849 | D:1      | 849 ||| READING scroll labelled ILOHOA YRHO.
   850 | D:1      | 850 ||| READING scroll labelled QARUONNAQIF.
   854 | D:1      | 854 ||| DROPPING scroll of butterflies.
   994 | D:2      | Reached XP level 3. HP: 20/20 MP: 5/5
  1099 | D:2      | Noticed Sigmund
  1105 | D:2      | HP: 4/20 [Sigmund/+0 scythe (7)]
  1106 | D:2      | 1106 ||| DRINKING 2 orange potions.
  1107 | D:2      | Slain by Sigmund

Levels and vault maps discovered:
D:1:      amcnicky_arrival_double_pillar, layout_basic, basic_ecumenical_altar,
          grunt_decor_fettered
D:2:      layout_basic, uniq_sigmund

Skill      XL: |  1  2 |
---------------+-------+-----
Ranged Weapons | 6 |  6.9
Fighting       | |  1.5
Dodging        | |  2.4
Stealth        | |  1.2

Action                     || total
---------------------------++-------
   Fire: Shortbow          ||    78
    Use: Scroll            ||     3
         Potion            ||     1
 Armour: Scale mail        ||     1
  Dodge: Dodged            ||     8

Table legend:
 A = Non-vault XP
 B = Vault XP
 C = Vault XP percentage of total XP
 D = Non-vault monster count
 E = Vault monster count
 F = Vault count percentage of total count
                 A         B        C        D         E       F
            +---------+---------+-------+---------+---------+-------
      Total |      62 |       0 |   0.0 |      32 |       0 |   0.0
            +---------+---------+-------+---------+---------+-------
        D:1 |      36 |       0 |   0.0 |      25 |       0 |   0.0
        D:2 |      26 |       0 |   0.0 |       7 |       0 |   0.0
            +---------+---------+-------+---------+---------+-------
